Match 26013478
Unlisted

Match 26013478
End
Selects Airborne Battlegroup
Selects Heavy Machine Gun Paradrop
Heavy Machine Gun Paradrop
Engineer Squad
Heavy Machine Gun Paradrop
Infantry Support Center
Construct Weapon Support Center
.30 cal Machine Gun
M3 Armored Personnel Carrier
Selects Paratrooper Squad Paradrop
Paratrooper Squad Paradrop
Paratrooper Squad Paradrop
Paratrooper Squad Paradrop
Construct Tank Depot
M18 Hellcat Tank Destroyer
Selects Recon Loiter
Selects Supply Drop
Recon Loiter
Paratrooper Squad Paradrop
.30 cal Machine Gun
Butcher
Insurmountable Odds
make a sparkling water
七年
JohnsonGiver
Voodoo408
iiiililililili
Alex Jones
0
0

Comments sign in to comment!

No comments posted yet!